 Dungeon Crawl Stone Soup version 0.24.0-28-g17ded55e90 (webtiles) character file.

Game seed: 4080002469378514563, levelgen mode: deterministic

25508 Johnny the Carver (level 12, -4/156 HPs)
             Began as a Troll Berserker on Nov 13, 2019.
             Was the Champion of Trog.
             Killed from afar by a wretched star (33 damage)
             ... with an orb of energy
             ... on level 2 of the Abyss.
             The game lasted 00:16:19 (11915 turns).

Johnny the Carver (Troll Berserker)                Turns: 11915, Time: 00:16:20

Health: -4/156     AC: 11    Str: 37    XL:     12   Next: 90%
Magic:  3/7        EV: 12    Int:  3    God:    Trog [******]
Gold:   651        SH:  0    Dex:  5    Spells: 11/11 levels left

rFire    . . .     SeeInvis +   V - +4 great sword (drain)
rCold    + . .     Gourm    +   (shield currently unavailable)
rNeg     . . .     Faith    .   U - +0 troll leather armour
rPois    .         Spirit   .   R - +2 hat {SInv}
rElec    .         Reflect  .   w - +0 cloak
rCorr    +         Harm     .   (gloves unavailable)
MR       ++...     Rnd*Rage +   (boots unavailable)
Stlth    ..........             D - amulet of the acrobat
HPRegen  2.16/turn              y - ring of protection from cold
MPRegen  0.10/turn              o - ring of resist corrosion

@: berserking, regenerating, hasted, very quick
A: large, unfitting armour, claws 3, [berserk 2], [blurry vision 3], [clumsy 2],
fast metabolism 3, gourmand, [low mp 3], regeneration 1, shaggy fur 1, tough
skin 3
a: Berserk, Trog's Hand, Brothers in Arms, Renounce Religion


You were on level 2 of the Abyss.
You worshipped Trog.
Trog was exalted by your worship.
You were very full.

You visited 1 branch of the dungeon, and saw 12 of its levels.
You visited the Abyss 1 time.
You also visited: Sewer and Ossuary.

You collected 651 gold pieces.

Inventory:

Hand Weapons
 u - a +1 long sword of slicing
 Q - the +10 long sword of Equivalence {elec, *Rage +Blink Dex+2}
   (Trog gifted it to you on level 8 of the Dungeon)

   Occasionally, upon striking a foe, it will discharge some electrical energy
   and cause terrible harm.
   It affects your dexterity (+2).
   It lets you blink.
   It may make you go berserk in combat.
 S - a +4 scimitar of flaming
 V - a +4 great sword of draining (weapon)
Missiles
 j - 6 throwing nets (quivered)
Armour
 w - a +0 cloak (worn)
 A - the cursed +0 robe of Xufut {-Tele rElec rPois, unknown}
   (You found it on level 11 of the Dungeon)

   It insulates you from electricity.
   It protects you from poison.
   It prevents most forms of teleportation.
   It has a curse placed upon it.
 R - a +2 hat of see invisible (worn)
 U - a +0 troll leather armour (worn)
Jewellery
 o - a ring of resist corrosion (right claw)
 y - a ring of protection from cold (left claw)
 D - an amulet of the acrobat (around neck)
Wands
 r - a wand of random effects (32)
 C - a wand of enslavement (5)
 G - a wand of flame (1)
 K - a wand of paralysis (8)
 L - a wand of polymorph (5)
 P - a wand of iceblast (7)
Scrolls
 a - a scroll of fear
 b - 4 scrolls of magic mapping
 d - 2 scrolls of random uselessness
 h - 8 scrolls of teleportation
 i - 10 scrolls of remove curse
 l - 2 scrolls of blinking
 m - 2 scrolls of fog
 q - 2 scrolls of noise
 s - 2 scrolls of immolation
 x - a scroll of identify
 B - 3 scrolls of enchant weapon
 I - a scroll of amnesia
 J - 2 scrolls of torment
 M - a scroll of vulnerability {unknown}
Potions
 e - 3 potions of haste
 f - 3 potions of ambrosia {unknown}
 g - 2 potions of heal wounds
 k - 2 potions of might {unknown}
 n - a potion of resistance {unknown}
 p - 3 potions of brilliance {unknown}
 t - a potion of mutation {unknown}
 v - 5 potions of flight
 z - 3 potions of magic {unknown}
 E - 5 potions of curing
 F - 3 potions of berserk rage {unknown}
 H - 2 potions of degeneration {unknown}
 O - a potion of experience {unknown}
Comestibles
 c - 31 rations


   Skills:
 - Level 2.4 Fighting
 * Level 14.7 Long Blades
 + Level 11.0 Dodging


You had 11 spell levels left.
You didn't know any spells.
Your spell library contained the following spells:

 Spells                   Type           Power        Failure   Level  Hunger
 Flame Tongue             Conj/Fire      #....        56%         1    ##.....
 Throw Flame              Conj/Fire      #.....       71%         2    ###....
 Conjure Flame            Conj/Fire      #.......     90%         3    ####...
 Inner Flame              Hex/Fire       #.......     90%         3    ####...
 Sticky Flame             Conj/Fire      #.......     100%        4    #####..
 Fireball                 Conj/Fire      #.........   100%        5    ######.


Dungeon Overview and Level Annotations

Branches:
Dungeon (12/15)            Temple (0/1) D:5            Lair (0/6) D:9
    Orc (0/2) D:10          Sewer (visited)         Ossuary (visited)

Altars:
Cheibriados
Fedhas
Gozag
Hepliaklqana
Kikubaaqudgha
Makhleb
Nemelex Xobeh
Okawaru
Qazlal
Ru
Sif Muna
Trog
Xom
Yredelemnul
Zin
The Shining One

Shops:
D:12 }

Annotations:
D:12 Erolcha


Innate Abilities, Weirdness & Mutations

You are too large for most types of armour.
You have claws for hands.
Your metabolism is lightning-fast.
You like to eat raw meat.
Your natural rate of healing is unusually fast.
You are covered in fur. (AC +1)
You have extremely tough skin. (AC +3)
[You often lose your temper in combat.]
[Scrolls take you much longer to read.]
[You are very clumsy. (Dex -4)]
[Your magical capacity is extremely low. (-30% MP)]


Message History

* * * LOW HITPOINT WARNING * * *
The orb of energy explodes!
Unknown command.
You slash the wretched star!
The wretched star is heavily damaged.
Unknown command.
You feel much better.
The wretched star glows turbulently.
The orb of energy hits you!!
* * * LOW HITPOINT WARNING * * *
The orb of energy explodes!
Unknown command.
Evoke which item? (* to show all) (? for menu, Esc to quit)
Okay, then.
Okay, then.
A red film seems to cover your vision as you go berserk!
You feel yourself moving faster!
You feel mighty!
You feel a lot less full.
The wretched star glows turbulently.
The orb of energy hits you!!
You die...

. . ...# ≈#
.. . . # .# #
# . . . # # #
# # #..#### .
. .. .#.##.#
#####.. . . #
#.#.... # # .
# . .#..## .
#. # ## .
.#.@#... .≈ .
#x#...##*Z##
# # # .
#..###..pZZ#≈
# # #x.
..#.#Z.≈# #
.#. . N..#
#..###≈..
#.#. #. ...
≈♣#. . ###
..## # ≈≈## .
.. # #≈ ≈♣[#
. ≈ .# ## ..


You could see a wretched star, a quicksilver dragon simulacrum, an ettin
simulacrum, a human simulacrum and a human skeleton.

Vanquished Creatures
  Gastronok (D:9)
  Kirke (D:12)
  2 hydras
  5 two-headed ogres
  Erica (D:8)
  A thrashing horror (Abyss:2)
  Pikel (D:5)
  An ugly thing (D:12)
  2 cyclopes
  A worldbinder (Abyss:2)
  Joseph (D:8)
  The ghost of happy the Slasher, a novice BaCK of Xom (D:5)
  A gargoyle (D:9)
  3 trolls
  6 hippogriffs
  A redback (D:9)
  12 yaks (D:10)
  A fire dragon skeleton (Abyss:2)
  3 hogs (D:12)
  A basilisk (D:9)
  2 wargs (D:9)
  A steam dragon (D:8)
  2 water moccasins (D:8)
  Duvessa (D:5)
  4 sky beasts
  A black bear (shapeshifter) (D:9)
  2 phantoms
  6 orc warriors
  A black bear (D:8)
  2 slaves (D:5)
  An eye of draining (D:10)
  4 ogres
  9 centaurs
  2 ice beasts
  2 crocodiles
  2 big kobolds
  5 bullfrogs
  A wyvern zombie (D:12)
  Dowan (D:5)
  11 scorpions
  A water moccasin skeleton (D:8)
  3 wights (D:11)
  14 killer bees
  An electric eel (D:6)
  5 howler monkeys
  4 bullfrog zombies
  7 crimson imps
  4 centaur zombies
  2 quasits
  3 bullfrog skeletons
  6 centaur skeletons
  2 hounds (D:6)
  A jelly (D:10)
  14 orc priests
  Crazy Yiuf (D:2)
  24 orc wizards
  Jessica (D:2)
  2 iguanas
  9 worker ants
  3 big kobold zombies (Ossuary)
  A hound skeleton (D:7)
  4 mummies
  2 howler monkey zombies
  17 adders
  3 scorpion zombies (Ossuary)
  4 shadow imps
  2 oozes
  3 worms
  A dart slug (D:1)
  3 leopard geckos
  62 orcs
  7 bats
  8 giant cockroaches
  4 goblins
  6 hobgoblins
  12 jackals
  25 kobolds
  3 quokkas
  7 ball pythons
  A ball python skeleton (D:4)
  A ball python zombie (D:5)
  5 frilled lizards
  4 goblin zombies (Ossuary)
  A kobold zombie (Ossuary)
  A leopard gecko skeleton (D:6)
  A leopard gecko zombie (D:5)
  6 orc zombies (Ossuary)
  2 quokka skeletons
  2 quokka zombies
  7 rats
  A plant (Sewer)
419 creatures vanquished.

Vanquished Creatures (others)
  A scorpion (Ossuary)
  An orc (D:5)
  A plant (D:6)
3 creatures vanquished.

Grand Total: 422 creatures vanquished

Notes
Turn   | Place    | Note
-------+----------+-------------------------------------------
     0 | D:1      | Johnny the Troll Berserker began the quest for the Orb.
     0 | D:1      | Reached XP level 1. HP: 22/22 MP: 0/0
   192 | D:1      | Reached XP level 2. HP: 25/29 MP: 1/1
   631 | D:1      | Reached skill level 3 in Long Blades
  1040 | D:2      | Reached XP level 3. HP: 36/36 MP: 2/2
  1165 | D:2      | Reached ** piety under Trog
  1309 | D:2      | Noticed Jessica
  1313 | D:2      | Killed Jessica
  1313 | D:2      | Reached XP level 4. HP: 44/44 MP: 3/3
  1559 | D:2      | Found a runed translucent door.
  1560 | D:2      | Noticed Crazy Yiuf
  1567 | D:2      | Killed Crazy Yiuf
  1567 | D:2      | Reached skill level 4 in Long Blades
  1796 | D:3      | Found a sparkling altar of Nemelex Xobeh.
  1821 | D:3      | Found a glowing drain.
  1839 | D:3      | Reached XP level 5. HP: 49/50 MP: 4/4
  1859 | Sewer    | Entered a sewer
  2203 | Sewer    | Reached *** piety under Trog
  2446 | D:3      | Found a hazy altar of Hepliaklqana.
  2933 | D:4      | Noticed a hippogriff
  2946 | D:4      | Killed a hippogriff
  2946 | D:4      | Reached skill level 5 in Long Blades
  2946 | D:4      | Reached XP level 6. HP: 30/59 MP: 5/5
  3322 | D:4      | Reached XP level 7. HP: 42/66 MP: 6/6
  3621 | D:4      | Reached skill level 6 in Long Blades
  3940 | D:5      | Entered Level 5 of the Dungeon
  3940 | D:5      | Found a snail-covered altar of Cheibriados.
  4006 | D:5      | Reached **** piety under Trog
  4242 | D:5      | Noticed Pikel
  4262 | D:5      | Killed Pikel
  4262 | D:5      | Reached skill level 7 in Long Blades
  4262 | D:5      | Reached skill level 5 in Dodging
  4262 | D:5      | Reached XP level 8. HP: 74/74 MP: 7/7
  4284 | D:5      | Noticed happy's ghost (novice BaCK)
  4286 | D:5      | Found a transporter.
  4382 | D:5      | Found a staircase to the Ecumenical Temple.
  4503 | D:5      | Noticed Dowan
  4504 | D:5      | Noticed Duvessa
  4534 | D:5      | Killed Duvessa
  4567 | D:5      | Killed Dowan
  4736 | D:5      | Found a transporter.
  4799 | D:5      | Reached skill level 8 in Long Blades
  5130 | D:5      | Found a glowing silver altar of Zin.
  5130 | D:5      | Found a sacrificial altar of Ru.
  5130 | D:5      | Found a stormy altar of Qazlal.
  5131 | D:5      | Found an iron altar of Okawaru.
  5135 | D:5      | Found a bloodstained altar of Trog.
  5177 | D:5      | Found a glowing golden altar of the Shining One.
  5182 | D:5      | Found a basalt altar of Yredelemnul.
  5184 | D:5      | Noticed a profane servitor
  5407 | D:5      | Noticed an angel
  5462 | D:5      | Killed happy's ghost
  5462 | D:5      | Reached XP level 9. HP: 58/80 MP: 8/8
  5686 | D:6      | Found a sand-covered staircase.
  5708 | Ossuary  | Entered an ossuary
  5798 | Ossuary  | Reached skill level 9 in Long Blades
  6280 | D:6      | Reached ***** piety under Trog
  6311 | D:6      | Paralysed by fainting for 11 turns
  6796 | D:6      | Found a shimmering blue altar of Sif Muna.
  6977 | D:7      | Reached skill level 10 in Long Blades
  7043 | D:7      | Found an opulent altar of Gozag.
  7151 | D:7      | Reached XP level 10. HP: 61/88 MP: 9/9
  7467 | D:7      | Found a burning altar of Makhleb.
  7467 | D:7      | Found a shimmering altar of Xom.
  7623 | D:8      | Received a gift from Trog
  7631 | D:8      | Got a crystal long sword {god gift}
  7632 | D:8      | Identified the +10 long sword of Equivalence {elec, *Rage
                  | +Blink Dex+2} (Trog gifted it to you on level 8 of the
                  | Dungeon)
  7807 | D:8      | Noticed Joseph
  7813 | D:8      | Killed Joseph
  7876 | D:8      | Identified a scroll of acquirement
  7955 | D:8      | Noticed Erica
  7971 | D:8      | Killed Erica
  7971 | D:8      | Reached skill level 11 in Long Blades
  8098 | D:8      | Noticed a two-headed ogre
  8102 | D:8      | Killed a two-headed ogre
  8374 | D:8      | Noticed a two-headed ogre
  8380 | D:8      | Killed a two-headed ogre
  8574 | D:9      | Noticed a two-headed ogre
  8580 | D:9      | Killed a two-headed ogre
  8580 | D:9      | Reached XP level 11. HP: 73/94 MP: 10/10
  8727 | D:9      | Noticed Gastronok
  8731 | D:9      | Reached skill level 12 in Long Blades
  8748 | D:9      | Killed Gastronok
  8836 | D:9      | Found a staircase to the Lair.
  9173 | D:9      | Found a blossoming altar of Fedhas.
  9175 | D:9      | Found an ancient bone altar of Kikubaaqudgha.
  9258 | D:9      | Noticed a two-headed ogre
  9263 | D:9      | Killed a two-headed ogre
  9360 | D:9      | Noticed a six-headed hydra
  9374 | D:9      | Killed a ten-headed hydra
  9377 | D:9      | Reached skill level 13 in Long Blades
  9707 | D:10     | Entered Level 10 of the Dungeon
  9717 | D:10     | Noticed a two-headed ogre
  9727 | D:10     | Killed a two-headed ogre
  9735 | D:10     | Received a gift from Trog
  9844 | D:10     | Reached XP level 12. HP: 94/104 MP: 11/11
  9851 | D:10     | Reached skill level 10 in Dodging
 10014 | D:10     | Found a staircase to the Orcish Mines.
 10127 | D:10     | Found a snail-covered altar of Cheibriados.
 10378 | D:11     | Got a tattered robe
 11011 | D:12     | Reached skill level 14 in Long Blades
 11283 | D:12     | Found Syomif's Gadget Boutique.
 11377 | D:12     | Noticed a seven-headed hydra
 11472 | D:12     | Killed a ten-headed hydra
 11502 | D:12     | Noticed Kirke
 11506 | D:12     | Reached ****** piety under Trog
 11519 | D:12     | Killed Kirke
 11801 | D:12     | Noticed Erolcha
 11802 | D:12     | Cast into level 2 of the Abyss (Erolcha)
 11915 | Abyss:2  | Killed from afar by a wretched star

Levels and vault maps discovered:
D:1:      dpeg_arrival_arbitrary_a, layout_basic, serial_bayou_lake_a
D:2:      layout_loops_cross, minmay_fountain_box, uniq_crazy_yiuf_cottage,
          uniq_jessica
D:3:      layout_loops_ring, lemuel_round_altar, old_standard_altar,
          first_ration, gup_sewer_entry_glass
D:4:      layout_loops_ring, minmay_misc_feat_roman
D:5:      layout_layer_cave, grunt_temple_overflow_holy_war, minitemple,
          lemuel_temple_firewalk_b, gammafunk_ghost_arena, uniq_pikel,
          uniq_duvessa
D:6:      layout_loops_ring, lemuel_blue_sif_altar, gup_ossuary_entry_pyramid,
          minmay_misc_feat_more_columns, serial_bayou_pond_b
D:7:      layout_rooms, grunt_temple_overflow_champion_of_chaos,
          marbit_many_paths
D:8:      layout_gridville, uniq_erica, uniq_joseph
D:9:      minmay_sliced_demisemicircle, layout_basic,
          grunt_temple_overflow_growth_and_decay, erik_lair_orcish_takeover,
          skrybe_limestone_x, grunt_ogre_cave, uniq_gastronok
D:10:     layout_cave_pools, orc_0_dummy, cheibriados_altar_1
D:11:     layout_small_grid, st_stairs_8, grunt_ministairs_3
D:12:     layout_roguey, serial_shops, shop, kennysheep_cluttered_room,
          minmay_another_anthill, uniq_kirke, uniq_erolcha
Abyss:2:  base:
D:3

Skill      XL: |  1  2  3  4  5  6  7  8  9 10 11 12 |
---------------+-------------------------------------+-----
Long Blades    | 3 4 5 7 8 10 11 13 14 | 14.7
Dodging        | 3 4 5 6 7 8 9 11 | 11.0
Fighting       | |  2.4

Action                   |  1- 3 |  4- 6 |  7- 9 | 10-12 || total
-------------------------+-------+-------+-------+-------++-------
Melee: Falchion          |    92 |     5 |   167 |       ||   264
       Dagger            |       |   257 |   463 |   127 ||   847
       Long sword        |       |       |       |   196 ||   196
       Great sword       |       |       |       |   311 ||   311
Invok: Berserk           |     1 |     3 |    10 |    10 ||    24
       Trog's Hand       |       |     1 |     1 |     2 ||     4
Evoke: Wand              |       |       |    28 |       ||    28
  Use: Scroll            |       |    12 |     5 |     6 ||    23
       Potion            |       |     3 |     1 |     3 ||     7
 Stab: Distracted        |       |     1 |       |       ||     1
  Eat: Chunk             |    17 |    22 |    39 |    57 ||   135
       Ration            |       |       |     2 |       ||     2
Armor: Animal skin       |    53 |    16 |       |       ||    69
       Robe              |       |    79 |   168 |    50 ||   297
       Troll leather arm |       |       |       |   140 ||   140
Dodge: Dodged            |    61 |   138 |   277 |   463 ||   939
       Rpst.: Falchion   |    21 |     5 |    18 |       ||    44
       Long sword        |       |       |       |    36 ||    36
       Great sword       |       |       |       |    69 ||    69
